 Dungeon Crawl Stone Soup version 0.32-a0-981-g384da2ce10 (webtiles) character file.

Game seed: 8749703801932065055

208 jasper the Chopper (level 5, -13/45 HPs)
             Began as a Mountain Dwarf Fighter on Apr 20, 2024.
             Mangled by an ogre
             ... wielding a +0 giant spiked club
              (18 damage)
             ... on level 3 of the Dungeon.
             The game lasted 00:08:02 (2444 turns).

jasper the Chopper (Mountain Dwarf Fighter)         Turns: 2444, Time: 00:08:03

Health: -13/45     AC: 12    Str: 20    XL:     5   Next: 55%
Magic:  5/5        EV:  6    Int:  9    God:
Gold:   53         SH:  5    Dex:  9    Spells: 4/4 levels left

rFire   . . .        a - +0 war axe
rCold   . . .        c - +1 buckler
rNeg    . . .        j - +0 chain mail
rPois   .            e - +0 helmet
rElec   .            m - +0 cloak
rCorr   .            (no gloves)
SInv    .            k - +0 pair of boots
Will    .....        p - amulet of regeneration Stlth
                     (no ring)
HPRegen 1.07/turn    (no ring)
MPRegen 0.09/turn

%: no passive effects
@: mighty
A: runic magic, artefact enchanting
a: no special abilities


You were on level 3 of the Dungeon.
You visited 1 branch of the dungeon, and saw 3 of its levels.

You collected 113 gold pieces.
You spent 60 gold pieces at shops.

Inventory:

Hand Weapons
 a - a +0 war axe (weapon)
 b - a +1 antimagic dagger
Missiles
 f - 55 stones
 l - 5 boomerangs (quivered)
Armour
 c - a +1 buckler (worn)
 e - a +0 helmet (worn)
 j - a +0 chain mail (worn)
 k - a +0 pair of boots (worn)
 m - a +0 cloak (worn)
Jewellery
 p - an amulet of regeneration (around neck)
Wands
 o - a wand of flame (11)
Scrolls
 h - a scroll of vulnerability
 i - 3 scrolls of identify
 n - a scroll of torment {unknown}
Potions
 g - 2 potions of lignification


   Skills:
 - Level 3.2 Fighting
 + Level 7.1 Axes
 - Level 3.2 Armour
 - Level 3.2 Shields


You had 4 spell levels left.
You didn't know any spells.
Your spell library was empty.

Dungeon Overview and Level Annotations

Branches:
Dungeon (3/15)

Altars:

Shops:
D:2 ?

Annotations:
D:3 2 transporters, Esekla's ghost, amateur DsWn


Innate Abilities, Weirdness & Mutations

Your spellcasting is much less encumbered by armour.
You can use scrolls of enchantment on lesser artefacts.


Message History

Found a whip.
Esekla's ghost wails, "Do you think the gods will protect you?"
A dart slug comes into view.
A dart slug is nearby!
You start waiting.
A dart slug is nearby!
You slash the dart slug!
The dart slug is almost dead.
The dart slug bites you but does no damage.
You slash the dart slug!
You kill the dart slug!
Found a buckler.
You see here a dart slug corpse.
Found a stone staircase leading down.
p - an amulet of regeneration You start putting on your amulet.
You continue putting on your amulet of regeneration. x5
You finish putting on your amulet of regeneration.
p - an amulet of regeneration (around neck)
The amulet throbs as it attunes itself to your uninjured body.
There is a stone staircase leading down here.
An ogre comes into view. It is wielding a +0 giant spiked club.
Okay, then.
You feel very mighty all of a sudden.
The ogre hits you with a +0 giant spiked club!
You take 13 damage, and have 32/45 hp.
MASSIVE DAMAGE!!
Okay, then.
Unknown command.
You hit the ogre.
The ogre is lightly wounded.
The ogre hits you with a +0 giant spiked club!!
Ouch! That really hurt!
* * * LOW HITPOINT WARNING * * *
You take 28 damage, and have 4/45 hp.
MASSIVE DAMAGE!!
Okay, then.
Unknown command.
You hit the ogre.
The ogre is moderately wounded.
The ogre hits you with a +0 giant spiked club!!
You die...

##.#.##.#
#.#.#..# .#
##..>..## .#
####.### .#
.....# .# ####.#
.# # #.# .# #
#.############O#
#
#............@.#
#
#.##############
# #.# # #.#
####.#####
........<#
####.#####
.....# ####.#


You could see an ogre.

Vanquished Creatures
  Natasha (thrice) (D:3)
  Robin (D:2)
  4 adders
  3 dart slugs
  A ribbon worm (D:2)
  An orc (D:3)
  4 endoplasms
  3 giant cockroaches
  14 goblins
  12 hobgoblins
  3 jackals (D:2)
  A quokka (D:2)
  A ball python (D:1)
  2 bats (D:2)
  2 frilled lizards
  3 kobolds
  20 rats
78 creatures vanquished.

Notes
Turn   | Place    | Note
-------+----------+-------------------------------------------
     0 | D:1      | jasper the Mountain Dwarf Fighter began the quest for the
                  | Orb.
     0 | D:1      | Reached XP level 1. HP: 19/19 MP: 1/1
    61 | D:1      | Reached skill level 3 in Axes
    70 | D:1      | Reached XP level 2. HP: 22/26 MP: 2/2
   259 | D:1      | Reached skill level 4 in Axes
   755 | D:2      | Reached XP level 3. HP: 31/31 MP: 3/3
   870 | D:2      | Noticed Robin
   876 | D:2      | Killed Robin
   877 | D:2      | Reached skill level 5 in Axes
   881 | D:2      | Reached XP level 4. HP: 34/38 MP: 4/4
  1127 | D:2      | Found Saex's Magic Scroll Shoppe.
  1135 | D:2      | Bought a scroll of identify for 20 gold pieces
  1135 | D:2      | Bought a scroll of identify for 20 gold pieces
  1135 | D:2      | Bought a scroll of identify for 20 gold pieces
  1938 | D:3      | Noticed Natasha
  1949 | D:3      | Killed Natasha
  1950 | D:3      | Reached skill level 6 in Axes
  2075 | D:3      | Reached XP level 5. HP: 44/45 MP: 5/5
  2102 | D:3      | Found a transporter.
  2104 | D:3      | Noticed Natasha
  2106 | D:3      | Noticed Esekla's ghost (amateur DsWn)
  2108 | D:3      | Killed Natasha
  2161 | D:3      | Noticed Natasha
  2166 | D:3      | Killed Natasha
  2167 | D:3      | Reached skill level 7 in Axes
  2365 | D:3      | Found a transporter.
  2441 | D:3      | Noticed an ogre
  2444 | D:3      | Mangled by an ogre

Illustrated notes

Levels and vault maps discovered:
D:1:      scummos_arrival_checkerplants, layout_rooms, minivault_5, minivault_4
D:2:      layout_basic, serial_shops, shop, minmay_rat_hole, uniq_robin
D:3:      layout_basic, gammafunk_ghost_stat_death, uniq_natasha

Skill      XL: |  1  2  3  4  5 |
---------------+----------------+-----
Axes           | 3 4 5 6 7 |  7.1
Fighting       | |  3.2
Armour         | |  3.2
Shields        | |  3.2

Action                     |  1- 3 |  4- 6 || total
---------------------------+-------+-------++-------
  Melee: War axe           |   103 |    92 ||   195
  Throw: Stone             |     1 |       ||     1
         Boomerang         |       |     7 ||     7
    Use: Scroll            |     3 |       ||     3
         Potion            |       |     1 ||     1
 Armour: Scale mail        |    31 |       ||    31
         Chain mail        |    44 |    63 ||   107
  Dodge: Dodged            |    39 |    24 ||    63
  Block: Buckler           |    21 |    17 ||    38

Table legend: (Time is in decaauts)
 A = Elapsed time spent in this place.
 B = Non-inter-level travel time spent in this place.
 C = Inter-level travel time spent in this place.
 D = Time resting spent in this place.
 E = Time spent auto-exploring this place.
 F = Levels seen in this place.
 G = Mean time per level.
                   A        B        C        D        E       F      G
               +--------+--------+--------+--------+--------+-----+--------+
         Total |   2506 |   2275 |    231 |     47 |   1604 |   3 |  835.3 |
       Dungeon |   2506 |   2275 |    231 |     47 |   1604 |   3 |  835.3 |
               +--------+--------+--------+--------+--------+-----+--------+

Top non-repeatable levels by time:
     D:2: 1114 daAuts
     D:1: 832 daAuts
     D:3: 559 daAuts
